 Dungeon Crawl Stone Soup version 0.31-a0-187-gba352fbbf7 (webtiles) character file.

Game seed: 15858971266209139949

147 qw the Skirmisher (level 5, 0/29 HPs)
             Began as a Deep Elf Hunter on June 22, 2023.
             Slain by Pargi (2 damage)
             ... in a sewer.
             The game lasted 00:00:54 (2312 turns).

qw the Skirmisher (Deep Elf Hunter)                 Turns: 2312, Time: 00:00:55

Health: 0/29       AC:  5    Str: 10    XL:     5   Next: 7%
Magic:  7/7        EV: 12    Int: 14    God:
Gold:   72         SH:  0    Dex: 18    Spells: 4/4 levels left

rFire   . . .        Y - +0 shortbow
rCold   . . .        (shield currently unavailable)
rNeg    . . .        a - +1 leather armour {rPois}
rPois   +            (no helmet)
rElec   .            (no cloak)
rCorr   .            d - +0 pair of gloves
SInv    .            (no boots)
Will    .....        (no amulet)
Stlth   ++           (no ring)
HPRegen 0.24/turn    (no ring)
MPRegen 0.10/turn

%: no passive effects
@: no status effects
A: no striking features
a: no special abilities


You were in a sewer.
You visited 1 branch of the dungeon, and saw 3 of its levels.
You also visited: Sewer.

You collected 72 gold pieces.


   Skills:
 - Level 1.5 Fighting
 + Level 8.5 Ranged Weapons
 - Level 2.4 Dodging
 - Level 1.2 Stealth


You had 4 spell levels left.
You didn't know any spells.
Your spell library was empty.

Inventory:

Hand Weapons
 Y - a +0 shortbow (weapon)
Armour
 a - a +1 leather armour of poison resistance (worn)
 b - a +0 ring mail
 d - a +0 pair of gloves (worn)
Jewellery
 e - a ring of ice
Scrolls
 h - a scroll of identify
Potions
 f - a potion of mutation
 g - a potion of enlightenment {unknown}
 i - a potion of attraction {unknown}
 j - a potion of curing {unknown}
 k - a potion of heal wounds {unknown}

Dungeon Overview and Level Annotations

Branches:
Dungeon (3/15)              Sewer (1/1)

Altars:

Shops:
D:3 (

Annotations:
Sewer Pargi


Message History

You shoot an arrow. The arrow closely misses Pargi.
You shoot an arrow. The arrow completely misses Pargi.
You shoot an arrow. The arrow closely misses Pargi.
You shoot an arrow. The arrow misses Pargi.
You shoot an arrow. The arrow closely misses Pargi.
Pargi bites you. Pargi barely misses you. x2
You shoot an arrow.
The arrow hits Pargi but does no damage.
Pargi is lightly wounded.
Pargi bites you. Pargi claws you but does no damage. Pargi misses you.
You shoot an arrow. The arrow hits Pargi.
Pargi is lightly wounded.
Pargi closely misses you. Pargi misses you. Pargi completely misses you.
You shoot an arrow. The arrow barely misses Pargi.
Pargi barely misses you. Pargi claws you. Pargi claws you but does no damage.
You shoot an arrow. The arrow hits Pargi.
Pargi is moderately wounded.
Pargi closely misses you. Pargi misses you. Pargi barely misses you.
You shoot an arrow. The arrow barely misses Pargi.
Pargi closely misses you. Pargi barely misses you.
Pargi claws you but does no damage.
You shoot an arrow. The arrow barely misses Pargi.
Pargi barely misses you. Pargi closely misses you. Pargi claws you.
You shoot an arrow. The arrow hits Pargi!
Pargi is heavily wounded.
Pargi bites you. Pargi claws you but does no damage. Pargi claws you.
You shoot an arrow. The arrow misses Pargi.
Pargi misses you. Pargi claws you. x2
You shoot an arrow. The arrow hits Pargi.
Pargi is heavily wounded.
Pargi closely misses you. Pargi claws you but does no damage. Pargi misses you.
You shoot an arrow. The arrow barely misses Pargi.
Pargi bites you. Pargi barely misses you. Pargi closely misses you.
You shoot an arrow. The arrow barely misses Pargi.
Pargi misses you. Pargi claws you. Pargi misses you. Pargi bites you.
Pargi barely misses you. Pargi closely misses you.
You shoot an arrow. The arrow hits Pargi.
Pargi is severely wounded.
Pargi barely misses you. Pargi claws you but does no damage. Pargi claws you.
You die...

#\# #.# #.# #.#
####### #.#
##.....## #%#
##...~...#
#.#######...~~~%..
#..........~~~~~.\
#@#######...~~~.%.
#T# ##...~...# #!#
##.....## #.#
####### ... ...
... .....


You could see Pargi.

Vanquished Creatures
  Jessica (D:2)
  3 adders
  2 river rats (D:3)
  2 worms
  6 endoplasms
  2 giant cockroaches
  5 goblins (D:1)
  7 hobgoblins
  4 quokkas
  3 ball pythons
  11 bats
  11 frilled lizards (D:1)
  6 kobolds
  8 rats
71 creatures vanquished.

Notes
Turn   | Place    | Note
-------+----------+-------------------------------------------
     0 | D:1      | qw the Deep Elf Hunter began the quest for the Orb.
     0 | D:1      | Reached XP level 1. HP: 12/12 MP: 3/3
     0 | D:1      | 0 ||| qw: Version: 0.3-a-9-g12657ce
     0 | D:1      | 0 ||| qw: Game counter: 2311
     0 | D:1      | 0 ||| qw: Always use a shield: true
     0 | D:1      | 0 ||| qw: God list: Okawaru
     0 | D:1      | 0 ||| qw: Allow faded altars: false
     0 | D:1      | 0 ||| qw: Do Orc after D:15 true
     0 | D:1      | 0 ||| qw: Do second Lair branch before Depths: true
     0 | D:1      | 0 ||| qw: Lair rune preference: random
     0 | D:1      | 0 ||| qw: Plans: Normal
     0 | D:1      | 0 ||| PLANNING D:1-11
    47 | D:1      | Reached XP level 2. HP: 16/16 MP: 4/4
    49 | D:1      | Reached skill level 6 in Ranged Weapons
   183 | D:1      | 183 ||| Stepping ~*~*~tactically~*~*~ (outnumbered).
   305 | D:1      | Reached XP level 3. HP: 20/20 MP: 5/5
   614 | D:1      | 614 ||| READING scroll labelled UCESSAE MUKELO.
   650 | D:1      | 650 ||| READING scroll labelled TYTUTE GIXKIPP.
   651 | D:1      | 651 ||| READING scroll labelled VYEMUI ZAEMOKH.
   752 | D:1      | 752 ||| READING 2 scrolls labelled ORINAG BACS.
   753 | D:1      | 753 ||| DROPPING scroll of butterflies.
  1024 | D:2      | Noticed Jessica
  1033 | D:2      | HP: 1/20 [Jessica/nerve-wracking pain (14)]
  1034 | D:2      | Killed Jessica
  1035 | D:2      | Reached skill level 7 in Ranged Weapons
  1145 | D:2      | Reached XP level 4. HP: 23/25 MP: 6/6
  1764 | D:2      | 1764 ||| READING 2 scrolls labelled HYMMEA QECHE.
  1765 | D:2      | 1765 ||| READING scroll labelled RAIPSU TOEJUUMA.
  1766 | D:2      | 1766 ||| READING scroll labelled JOTZEH TANOSEOM.
  1767 | D:2      | 1767 ||| READING scroll labelled PUFUDUS MAYTTE.
  1768 | D:2      | 1768 ||| READING 2 scrolls of identify.
  1768 | D:2      | 1768 ||| IDENTIFYING puce potion
  1769 | D:2      | 1769 ||| DROPPING scroll of noise.
  1770 | D:2      | 1770 ||| DROPPING potion of degeneration.
  1785 | D:3      | Found Zecuan's Antique Weapon Shoppe.
  1786 | D:3      | 1786 ||| PLANNING SEWER
  1911 | D:3      | HP: 6/25 [poisoned by an adder]
  2080 | D:3      | Reached skill level 8 in Ranged Weapons
  2171 | D:3      | Found a glowing drain.
  2172 | D:3      | 2172 ||| Stepping ~*~*~tactically~*~*~ (water).
  2184 | D:3      | Reached XP level 5. HP: 17/29 MP: 7/7
  2231 | D:3      | 2231 ||| UPGRADING to +1 leather armour of poison
                  | resistance.
  2241 | D:3      | 2241 ||| DROPPING +0 leather armour.
  2242 | D:3      | 2242 ||| UPGRADING to +0 pair of gloves.
  2247 | D:3      | 2247 ||| READING 2 scrolls of identify.
  2247 | D:3      | 2247 ||| IDENTIFYING fizzy coppery potion
  2253 | Sewer    | Entered a sewer
  2294 | Sewer    | Noticed Pargi
  2310 | Sewer    | HP: 3/29 [Pargi (5)]
  2312 | Sewer    | Slain by Pargi

Levels and vault maps discovered:
D:1:      dreamdust_arrival_beginning_and_end, layout_loops_ring,
          minmay_lizard_pond
D:2:      layout_loops_corners, corexii_corridor_pit, uniq_jessica
D:3:      layout_basic, elyvilon_altar_3, serial_shops, shop,
          portal_sewer_entry_e, uniq_robin
Sewer:    sewer_big_baddie

Skill      XL: |  1  2  3  4 |
---------------+-------------+-----
Ranged Weapons | 6 7 8 |  8.5
Fighting       | |  1.5
Dodging        | |  2.4
Stealth        | |  1.2

Action                     |  1- 3 |  4- 6 || total
---------------------------+-------+-------++-------
   Fire: Shortbow          |    96 |   141 ||   237
    Use: Scroll            |     4 |     6 ||    10
 Armour: Leather armour    |     6 |    33 ||    39
  Dodge: Dodged            |    14 |    72 ||    86

Table legend:
 A = Non-vault XP
 B = Vault XP
 C = Vault XP percentage of total XP
 D = Non-vault monster count
 E = Vault monster count
 F = Vault count percentage of total count
                 A         B        C        D         E       F
            +---------+---------+-------+---------+---------+-------
      Total |     107 |     103 |  49.0 |      48 |      23 |  32.4
            +---------+---------+-------+---------+---------+-------
        D:1 |      43 |       7 |  14.0 |      27 |       7 |  20.6
        D:2 |      38 |      37 |  49.3 |      13 |       1 |   7.1
        D:3 |      26 |      49 |  65.3 |       8 |       8 |  50.0
      Sewer |       0 |      10 | 100.0 |       0 |       7 | 100.0
            +---------+---------+-------+---------+---------+-------
